 Dungeon Crawl Stone Soup version 0.30-a0-972-gf3ab3527aa (webtiles) character file.

Game seed: 13779826858368754707

2734 jasper the Slicer (level 9, -2/69 HPs)
             Began as a Demonspawn Wanderer on Mar 31, 2023.
             Was a Follower of Uskayaw.
             Slain by an orc warrior
             ... wielding a +0 bardiche
              (15 damage)
             ... in a bailey.
             The game lasted 00:12:11 (6881 turns).

jasper the Slicer (Demonspawn Wanderer)             Turns: 6881, Time: 00:12:12

Health: -2/69      AC:  9    Str: 10    XL:     9   Next: 40%
Magic:  10/10      EV:  9    Int: 14    God:    Uskayaw [*.....]
Gold:   301        SH:  4    Dex: 19    Spells: 10/10 levels left

rFire   + . .      SeeInvis .    u - +3 short sword
rCold   . . .      Faith    .    C - +0 buckler
rNeg    . . .      Spirit   .    h - +1 ring mail
rPois   .          Reflect  .    (no helmet)
rElec   .          Rampage  .    (no cloak)
rCorr   .                        (no gloves)
Will    +....                    (no boots)
Stlth   +                        l - amulet of the acrobat
HPRegen 0.31/turn                q - ring of protection from fire
MPRegen 0.12/turn                D - ring of willpower

@: no status effects
A: molten scales 2, foul stench 1, demonic magic 1, weakness stinger 2
a: Renounce Religion, Stomp


You were in a bailey.
You worshipped Uskayaw.
Uskayaw was noncommittal.
You visited 2 branches of the dungeon, and saw 9 of its levels.
You also visited: Bailey.

You collected 397 gold pieces.
You spent 96 gold pieces at shops.

Inventory:

Hand Weapons
 a - a +0 dagger
 e - a +1 spear of flaming
 m - a +0 short sword
 u - a +3 short sword (weapon)
Missiles
 b - 16 boomerangs (quivered)
 f - 64 stones
 p - 15 poisoned darts
 x - 5 javelins
 G - a curare-tipped dart
 I - a throwing net
Armour
 d - a +0 robe
 h - a +1 ring mail (worn)
 A - a +0 scale mail of cold resistance
 C - a +0 buckler (worn)
Jewellery
 l - an amulet of the acrobat (around neck)
 q - a ring of protection from fire (left hand)
 v - a ring of wizardry
 D - a ring of willpower (right hand)
 F - a ring of positive energy
Wands
 H - a wand of polymorph (8)
Scrolls
 c - 6 scrolls of fear
 g - a scroll of identify
 r - a scroll of vulnerability
 s - 2 scrolls of amnesia
 t - 3 scrolls of silence
 K - a scroll of enchant armour
Potions
 j - 2 potions of ambrosia
 k - a potion of attraction
 n - a potion of curing
 o - 3 potions of brilliance
 w - a potion of flight
 z - a potion of degeneration {unknown}
 B - a potion of lignification {unknown}
 J - a potion of mutation {unknown}
 L - a potion of berserk rage {unknown}


   Skills:
 + Level 5.7 Fighting
 * Level 9.6 Short Blades
 - Level 3.0 Throwing
 + Level 1.0 Armour
 + Level 1.0 Dodging
 + Level 1.0 Shields
 - Level 1.0 Spellcasting
 - Level 5.4 Necromancy
 - Level 1.7 Transmutations
 + Level 2.2 Invocations
 + Level 1.3 Evocations


You had 10 spell levels left.
You didn't know any spells.
Your spell library contained the following spells:

 Spells                   Type           Power      Damage    Failure   Level
 Sublimation of Blood     Necr           16%        N/A       16%         2
 Kiss of Death            Conj/Necr      32%        2d7       30%         1
 Wereblood                Tmut           5%         N/A       56%         2
 Apportation              Tloc           0%         N/A       67%         1
 Magic Dart               Conj           0%         1d3       67%         1
 Sandblast                Erth           0%         2d4       67%         1
 Passwall                 Tmut/Erth      2%         N/A       69%         2
 Call Imp                 Summ           0%         N/A       80%         2
 Gell's Gravitas          Tloc           0%         N/A       95%         3
 Mephitic Cloud           Conj/Pois/Air  0%         N/A       95%         3
 Portal Projectile        Hex/Tloc       0%         N/A       95%         3
 Stone Arrow              Conj/Erth      0%         3d7       95%         3
 Teleport Other           Tloc           0%         N/A       95%         3
 Tukima's Dance           Hex            0%         N/A       95%         3
 Anguish                  Hex/Necr       4%         N/A       97%         4
 Alistair's Intoxication  Tmut/Pois      2%         N/A       100%        5
 Blade Hands              Tmut           2%         N/A       100%        5
 Dispersal                Tloc           0%         N/A       100%        6


Dungeon Overview and Level Annotations

Branches:
Dungeon (8/15)             Temple (1/1) D:4          Bailey (1/1)
   Lair: D:8-11

Altars:
Fedhas
Gozag
Hepliaklqana
Makhleb
Nemelex Xobeh
Qazlal
Sif Muna
Trog
Uskayaw
Vehumet
Wu Jian
Xom
Yredelemnul

Shops:
D:1 [   D:2 !


Innate Abilities, Weirdness & Mutations

You are mostly covered in molten scales. (AC +3)
You may rarely emit foul miasma when damaged in melee.
Spells you cast may paralyse adjacent enemies.
You have a tail ending in a sharp stinger.


Message History

You hit the orc warrior but do no damage.
You tail-slap the orc warrior, but do no damage.
The orc warrior is heavily wounded.
The orc warrior closely misses you.
You completely miss the orc warrior.
You tail-slap the orc warrior, but do no damage.
The orc warrior is heavily wounded.
You hit the orc warrior but do no damage.
The orc warrior is heavily wounded.
The orc warrior hits you with a +0 bardiche!
* * * LOW HITPOINT WARNING * * *
You take 11 damage, and have 12/69 hp.
You hit the orc warrior.
The orc warrior is heavily wounded.
Okay, then.
Okay, then.
Hit: u) +3 short sword
Press: ? - help, Dir - move target, f/p - orc warrior
Aim: an orc warrior, wielding a +0 bardiche and wearing the +3 plate armour of Pleasant Breezes {Str+2} (heavily wounded, about 29% to evade your +3 short sword)
Okay, then.
Aiming: Polymorph
Press: ? - help, Shift-Dir - straight line, f/p - orc warrior
Aim: an orc warrior, wielding a +0 bardiche and wearing the +3 plate armour of Pleasant Breezes {Str+2} (heavily wounded, will become a river rat, a swamp drake, or a boggart, chance to affect: 51%)
Okay, then.
Unknown command.
Throw: 16 boomerangs
Press: ? - help, Q - select action, (/) - cycle Shift-Dir - straight line, f/p - orc warrior
Aim: an orc warrior, wielding a +0 bardiche and wearing the +3 plate armour of Pleasant Breezes {Str+2} (heavily wounded, 64% to hit)
You throw a boomerang.
The boomerang barely misses the orc warrior.
The orc warrior closely misses you.
Throw: 16 boomerangs
Press: ? - help, Q - select action, (/) - cycle Shift-Dir - straight line, f/p - orc warrior
Aim: an orc warrior, wielding a +0 bardiche and wearing the +3 plate armour of Pleasant Breezes {Str+2} (heavily wounded, 64% to hit)
You throw a boomerang.
The boomerang hits the orc warrior but does no damage.
The orc warrior is heavily wounded.
You block the orc warrior's attack.
The orc warrior hits you with a +0 bardiche!
You die...

.....)).##.....##.).......
############+###'#########
# ........## ##
≈§≈≈≈§§..## .##
≈....§≈§§.## ..#
..⌠∩⌠.§§§..# ..#+#
...⌠..§§§..# .##.##
≈§§...§§..## ##.$.#
≈§≈§§≈≈@.## #.$$$.#
.§§§..o.#+ #######
###'##### ...... ...
~~~~~~ ## ...... #####.


You could see an orc warrior.

Vanquished Creatures
  An orc knight (Bailey)
  3 yaks (D:7)
  Menkaure (D:7)
  2 black bears (D:6)
  2 centaurs
  A phantom (D:6)
  3 kobold brigands
  2 bullfrogs (D:7)
  A gnoll sergeant (D:7)
  3 scorpions (D:6)
  5 wights
  A howler monkey (D:7)
  2 hounds
  A jelly (D:6)
  An orc priest (D:7)
  An iguana (D:6)
  2 sleepcaps
  2 orc wizards (D:7)
  3 gnolls (D:7)
  6 adders
  A shadow imp (D:7)
  An ufetubus (D:6)
  2 dart slugs
  17 orcs
  5 ball pythons
  8 endoplasms
  A giant cockroach (D:2)
  8 goblins
  4 hobgoblins
  A quokka (D:1)
  A frilled lizard (D:2)
  17 kobolds
  6 rats
115 creatures vanquished.

Notes
Turn   | Place    | Note
-------+----------+-------------------------------------------
     0 | D:1      | jasper the Demonspawn Wanderer began the quest for the Orb.
     0 | D:1      | jasper set off with the following items: a +0 dagger, 8
                  | boomerangs, a scroll of fear, a +0 robe; and the following
                  | spell memorised: Kiss of Death; and the following spells
                  | available to memorise: Sublimation of Blood, Wereblood,
                  | Passwall, Anguish.
     0 | D:1      | Reached XP level 1. HP: 13/13 MP: 2/2
   130 | D:1      | Reached skill level 1 in Fighting
   268 | D:1      | Found Xik Kusm's Armour Boutique.
   391 | D:1      | Found a faded altar of an unknown god.
   400 | D:1      | Gained mutation: You have a small tail. [demonic ancestry]
   400 | D:1      | Reached XP level 2. HP: 21/21 MP: 3/3
  1211 | D:2      | Found a blossoming altar of Fedhas.
  1317 | D:2      | Gained mutation: You are partially covered in molten
                  | scales. (AC +2) [demonic ancestry]
  1317 | D:2      | Reached XP level 3. HP: 26/27 MP: 4/4
  1443 | D:2      | Found Tytar's Distillery.
  1450 | D:2      | Bought a potion of curing for 36 gold pieces
  1450 | D:2      | Bought a potion of heal wounds for 60 gold pieces
  2604 | D:4      | Reached skill level 1 in Short Blades
  2661 | D:4      | Gained mutation: You may rarely emit foul miasma when
                  | damaged in melee. [demonic ancestry]
  2661 | D:4      | Reached XP level 4. HP: 26/34 MP: 5/5
  2843 | D:4      | Found a staircase to the Ecumenical Temple.
  2854 | Temple   | Entered the Ecumenical Temple
  2956 | Temple   | Became a worshipper of Uskayaw the Reveller
  3241 | D:5      | Entered Level 5 of the Dungeon
  3246 | D:5      | Reached * piety under Uskayaw
  3248 | D:5      | Reached ** piety under Uskayaw
  3431 | D:5      | Reached *** piety under Uskayaw
  3433 | D:5      | Reached XP level 5. HP: 41/41 MP: 6/6
  3435 | D:5      | Reached **** piety under Uskayaw
  3469 | D:5      | Noticed a centaur
  3482 | D:5      | Killed a centaur
  3483 | D:5      | Reached skill level 2 in Short Blades
  3816 | D:6      | Gained mutation: Spells you cast may paralyse adjacent
                  | enemies. [demonic ancestry]
  3816 | D:6      | Reached XP level 6. HP: 40/48 MP: 7/7
  3928 | D:6      | Reached skill level 3 in Short Blades
  4233 | D:6      | Reached skill level 5 in Fighting
  4233 | D:6      | Gained mutation: You have a tail ending in a sharp stinger.
                  | [demonic ancestry]
  4233 | D:6      | Reached XP level 7. HP: 36/56 MP: 8/8
  4247 | D:6      | Reached skill level 4 in Short Blades
  4398 | D:6      | Identified the +1 chain mail of the Shrinking Gods {rN+
                  | rCorr Int-5 Dex+2}
  4808 | D:6      | Reached skill level 5 in Short Blades
  5343 | D:7      | Gained mutation: You are mostly covered in molten scales.
                  | (AC +3) [demonic ancestry]
  5343 | D:7      | Reached XP level 8. HP: 63/63 MP: 9/9
  5362 | D:7      | Reached skill level 6 in Short Blades
  5381 | D:7      | Reached ***** piety under Uskayaw
  5395 | D:7      | Reached ****** piety under Uskayaw
  5408 | D:7      | Reached skill level 7 in Short Blades
  5408 | D:7      | Noticed Menkaure
  5416 | D:7      | Killed Menkaure
  5417 | D:7      | Reached skill level 8 in Short Blades
  5721 | D:7      | Reached XP level 9. HP: 17/68 MP: 10/10
  5725 | D:7      | HP: 3/68 [yak (14)]
  5734 | D:7      | Reached skill level 9 in Short Blades
  6148 | D:8      | HP: 2/64 [wight/+3 war axe (2)]
  6545 | D:8      | Found a flagged portal.
  6559 | Bailey   | Entered a bailey
  6666 | Bailey   | Noticed an orc knight
  6689 | Bailey   | Killed an orc knight
  6690 | Bailey   | Reached skill level 1 in Armour
  6690 | Bailey   | Reached skill level 1 in Dodging
  6690 | Bailey   | Reached skill level 1 in Shields
  6690 | Bailey   | Reached skill level 1 in Evocations
  6857 | Bailey   | Identified the +3 plate armour of Pleasant Breezes {Str+2}
  6881 | Bailey   | Slain by an orc warrior

Illustrated notes

Levels and vault maps discovered:
D:1:      mrwooster_arrival_statue, layout_basic,
          dreamdust_ecumenical_altar_grove, serial_shops,
          nicolae_shop_statue_plus, grunt_decor_junction
D:2:      layout_basic, basic_altar, serial_shops, shop, minmay_pentomino_s2
D:3:      layout_basic, supply_closet_lemuel
D:4:      layout_cave_pools, minmay_temple_entry_glass
D:5:      layout_rooms
D:6:      layout_basic, columned_hall_lemuel
D:7:      layout_basic, uniq_menkaure
D:8:      layout_loops_ring, nicolae_ru_sacrificial_ziggurat, enter_bailey_2
Temple:   kilobyte_greek_temple
Bailey:   bailey_polearm_1, bailey

Skill      XL: |  1  2  3  4  5  6  7  8  9 |
---------------+----------------------------+-----
Fighting       | 1 2 3 4 5 |  5.7
Short Blades   | 1 2 3 5 8 9 |  9.6
Throwing       | 2 3 |  3.0
Armour         | 1 |  1.0
Dodging        | 1 |  1.0
Shields        | 1 |  1.0
Invocations    | 2 |  2.2
Evocations     | 1 |  1.3
Spellcasting   | |  1.0
Necromancy     | |  5.4
Transmutations | |  1.7

Action                     |  1- 3 |  4- 6 |  7- 9 || total
---------------------------+-------+-------+-------++-------
  Melee: Dagger            |    18 |       |       ||    18
         Short sword       |    79 |   101 |   247 ||   427
         Tailslap          |    14 |    12 |    41 ||    67
  Throw: Boomerang         |    63 |    21 |    53 ||   137
         Dart              |     1 |       |     4 ||     5
         Javelin           |       |       |     1 ||     1
 Invoke: Grand Finale      |       |       |     1 ||     1
  Evoke: Wand              |       |       |     8 ||     8
    Use: Scroll            |     8 |     3 |     6 ||    17
         Potion            |       |     3 |     8 ||    11
   Stab: Paralysed         |       |     3 |     7 ||    10
 Armour: Ring mail         |    47 |    46 |    61 ||   154
  Dodge: Dodged            |    30 |    53 |   100 ||   183
  Block: Buckler           |       |       |    17 ||    17

Table legend: (Time is in decaauts)
 A = Elapsed time spent in this place.
 B = Non-inter-level travel time spent in this place.
 C = Inter-level travel time spent in this place.
 D = Time resting spent in this place.
 E = Time spent auto-exploring this place.
 F = Levels seen in this place.
 G = Mean time per level.
                   A        B        C        D        E       F      G
               +--------+--------+--------+--------+--------+-----+--------+
         Total |   6820 |   6547 |    273 |    234 |   5211 |  10 |  682.0 |
       Dungeon |   6380 |   6138 |    242 |    234 |   4897 |   8 |  797.5 |
        Temple |    137 |    106 |     31 |      0 |     96 |   1 |  137.0 |
        Bailey |    302 |    302 |      0 |      0 |    218 |   1 |  302.0 |
               +--------+--------+--------+--------+--------+-----+--------+

Top non-repeatable levels by time:
     D:6: 1291 daAuts
     D:7: 1212 daAuts
     D:2: 922 daAuts
     D:1: 884 daAuts
     D:3: 743 daAuts
     D:4: 565 daAuts
     D:5: 558 daAuts
  Bailey: 302 daAuts
     D:8: 202 daAuts
  Temple: 137 daAuts
